 Dungeon Crawl Stone Soup version 0.29-a0-393-g47a863cc1b (webtiles) character file.

Game seed: 7279264445009444652

2 hquester the Covert (level 1, 0/23 HPs)
             Began as a Gnoll Delver on May 10, 2022.
             Shot with a sling bullet by a goblin (4 damage)
             ... on level 4 of the Dungeon.
             The game lasted 00:01:53 (126 turns).

hquester the Covert (Gnoll Delver)                   Turns: 126, Time: 00:01:54

Health: 0/23       AC: 10    Str: 11    XL:     1   Next: 40%
Magic:  1/1        EV:  2    Int:  9    God:
Gold:   0          SH:  0    Dex: 13    Spells: 0/0 levels left

rFire   . . .      SeeInvis .   a - +0 hand axe
rCold   . . .      Faith    .   (no shield)
rNeg    . . .      Spirit   .   i - +0 plate armour
rPois   .          Reflect  .   (no helmet)
rElec   .          Harm     .   (no cloak)
rCorr   .          Rampage  .   (no gloves)
Will    .....                   (no boots)
Stlth   ..........              (no amulet)
HPRegen 0.07/turn               (no ring)
MPRegen 0.07/turn               (no ring)

@: no status effects
A: fangs 1, strong nose, distributed training
a: no special abilities


You were on level 4 of the Dungeon.
You visited 1 branch of the dungeon, and saw 2 of its levels.

Inventory:

Hand Weapons
 a - a +0 hand axe (weapon)
Missiles
 h - 4 poisoned darts (quivered)
Armour
 b - a +0 leather armour
 i - a +0 plate armour (worn)
Wands
 g - a wand of digging (3)
Scrolls
 c - a scroll of fog
 d - a scroll of magic mapping
Potions
 f - a potion of haste


   Skills:
 + Level 6.4 Fighting
 + Level 0.0 Short Blades
 + Level 0.0 Long Blades
 + Level 4.4 Axes
 + Level 0.0 Maces & Flails
 + Level 0.0 Polearms
 + Level 0.0 Staves
 + Level 0.0 Slings
 + Level 0.0 Bows
 + Level 0.0 Crossbows
 + Level 0.0 Throwing
 + Level 0.0 Armour
 + Level 4.4 Dodging
 + Level 9.5 Stealth
 + Level 0.0 Shields
 + Level 0.0 Unarmed Combat
 + Level 0.0 Spellcasting
 + Level 0.0 Conjurations
 + Level 0.0 Hexes
 + Level 0.0 Summonings
 + Level 0.0 Necromancy
 + Level 0.0 Translocations
 + Level 0.0 Transmutations
 + Level 0.0 Fire Magic
 + Level 0.0 Ice Magic
 + Level 0.0 Air Magic
 + Level 0.0 Earth Magic
 + Level 0.0 Poison Magic
 + Level 0.1 Invocations
 + Level 0.0 Evocations


You couldn't memorise any spells.
You didn't know any spells.
Your spell library was empty.

Dungeon Overview and Level Annotations

Branches:
Dungeon (5/15)
 Temple: D:4-7

Altars:


Innate Abilities, Weirdness & Mutations

You have very sharp teeth.
Your uncanny sense of smell can sniff out nearby items.
Your experience applies equally to all skills.


Message History

You hit the scorpion.
The scorpion is heavily wounded.
The scorpion stings you.
You hit the scorpion.
The scorpion is heavily wounded.
The scorpion stings you but does no damage.
You hit the scorpion.
The scorpion is severely wounded.
The scorpion stings you.
* * * LOW HITPOINT WARNING * * *
As you read the scroll of fear, it crumbles to dust.
You assume a fearsome visage.
The goblin looks frightened!
The scorpion looks frightened!
The dart slug looks frightened!
Found 22 stones.
You see here 22 stones.
You see here 22 stones.
An endoplasm comes into view.
The endoplasm quivers.
The endoplasm freezes you.
You are frozen.
* * * LOW HITPOINT WARNING * * *
You hit the endoplasm.
You kill the endoplasm!
A goblin comes into view. It is wielding a +0 club.
The goblin shouts!
An adder comes into view.
Throw: 5 darts (poison)
Press: ? - help, Q - select action Shift-Dir - straight line, f - goblin
Aim: a goblin, wielding a +0 club (53% to hit)
You throw a poisoned dart. The poisoned dart hits the goblin.
The goblin is poisoned.
The adder hisses angrily.
The goblin attacks as you move away! The goblin hits you with a +0 club.
* * * LOW HITPOINT WARNING * * *
You kill the goblin!
The adder bites you but does no damage. The adder attacks as you move away!
The adder bites you but does no damage.
The goblin shouts!
The goblin shoots a sling bullet.
The sling bullet hits you.
You die...

#.# #.... #.# ##.##.
#)# #..### #.# ##.##
#.# #..# ####.#
##.## #..S.# #..#
#..### ##.## #..@##
#..# #....## ##.##
#.....## #..# #
#......####.## ###
#..(....##..# ##..
#.....#..g..#####...
#.......####..##....
#....#.## ##...g...
#.....## ##w.....


You could see a goblin.

Vanquished Creatures
  An endoplasm (D:4)
  A goblin (D:4)
2 creatures vanquished.

Notes
Turn   | Place    | Note
-------+----------+-------------------------------------------
     0 | D:5      | Reached skill level 9 in Stealth
     0 | D:5      | hquester the Gnoll Delver began the quest for the Orb.
     0 | D:5      | Reached XP level 1. HP: 23/23 MP: 1/1
    58 | D:4      | Noticed a scorpion
   126 | D:4      | Shot with a sling bullet by a goblin

Illustrated notes

Levels and vault maps discovered:
D:4:      layout_cave_pods, nrook_mini_vaults, grunt_ministairs_11,
          uniq_eustachio
D:5:      layout_rooms, roderic_serpentine_path

Skill      XL: | |
---------------+-+-----
Stealth        | |  9.5
Fighting       | |  6.4
Axes           | |  4.4
Dodging        | |  4.4
Invocations    | |  0.1

Action                   || total
-------------------------++-------
Melee: Hand axe          ||    13
       Bite              ||     1
Throw: Dart              ||     1
  Use: Scroll            ||     1
Armor: Plate armour      ||    15
Dodge: Dodged            ||     2

Table legend: (Time is in decaauts)
 A = Elapsed time spent in this place.
 B = Non-inter-level travel time spent in this place.
 C = Inter-level travel time spent in this place.
 D = Time resting spent in this place.
 E = Time spent auto-exploring this place.
 F = Levels seen in this place.
 G = Mean time per level.
                   A        B        C        D        E       F      G
               +--------+--------+--------+--------+--------+-----+--------+
         Total |    126 |    126 |      0 |      0 |      0 |   2 |   63.0 |
       Dungeon |    126 |    126 |      0 |      0 |      0 |   2 |   63.0 |
               +--------+--------+--------+--------+--------+-----+--------+

Top non-repeatable levels by time:
     D:4: 114 daAuts
     D:5: 12 daAuts
